 Dungeon Crawl Stone Soup version 0.26.1-11-gd32895ea62 (webtiles) character file.

Game seed: 10207988267433129574

106 Zeld the Chopper (level 4, -5/39 HPs)
             Began as a Hill Orc Monk on June 7, 2021.
             Slain by Sigmund
             ... wielding a +0 scythe
              (14 damage)
             ... on level 3 of the Dungeon.
             The game lasted 00:02:01 (2547 turns).

Zeld the Chopper (Hill Orc Monk)                    Turns: 2547, Time: 00:02:01

Health: -5/39      AC:  5    Str: 14    XL:     4   Next: 84%
Magic:  4/4        EV: 13    Int: 10    God:
Gold:   94         SH:  0    Dex: 13    Spells: 3/3 levels left

rFire    . . .     SeeInvis .   a - +0 hand axe
rCold    . . .     Faith    .   (no shield)
rNeg     . . .     Spirit   .   b - +0 robe
rPois    .         Reflect  .   j - +1 hat
rElec    .         Harm     .   f - +1 cloak
rCorr    .         Rampage  .   (no gloves)
Will     .....                  (no boots)
Stlth    ++........             (no amulet)
HPRegen  0.13/turn              (no ring)
MPRegen  0.09/turn              (no ring)

@: no status effects
A: no striking features
a: no special abilities


You were on level 3 of the Dungeon.
You visited 1 branch of the dungeon, and saw 3 of its levels.

You collected 94 gold pieces.

Inventory:

Hand Weapons
 a - a +0 hand axe (weapon)
Missiles
 g - 5 silver javelins (quivered)
Armour
 b - a +0 robe (worn)
 f - a +1 cloak (worn)
 j - a +1 hat (worn)
Jewellery
 i - an uncursed ring of protection from cold {unknown}
Scrolls
 c - 4 scrolls of identify {unknown}
 d - 3 scrolls of teleportation {unknown}
 e - a scroll of enchant armour {unknown}
 k - 2 scrolls of fog {unknown}
Potions
 h - a potion of might {unknown}
 l - a potion of curing {unknown}
 m - a potion of heal wounds {unknown}
 n - a potion of invisibility {unknown}


   Skills:
 - Level 3.6 Fighting
 * Level 7.1 Axes
 - Level 2.4 Dodging
 - Level 1.5 Stealth


You had 3 spell levels left.
You didn't know any spells.
Your spell library was empty.

Dungeon Overview and Level Annotations

Branches:
Dungeon (3/15)

Altars:
Makhleb

Annotations:
D:1 1 exclusion
D:3 Sigmund


Message History

Unknown command.
You hit Sigmund.
Sigmund is lightly wounded.
You hit the hobgoblin but do no damage. You hit the hobgoblin.
The hobgoblin misses you.
Sigmund giggles. "Time to reap what you sow."
Sigmund hits you with a +0 scythe! The hobgoblin closely misses you.
Unknown command.
You closely miss the hobgoblin.
The hobgoblin is severely wounded.
You hit Sigmund. You hit the hobgoblin. The hobgoblin hits you.
The hobgoblin hits you but does no damage.
Sigmund gestures at you while chanting. The puff of flame hits you!
* * * LOW HITPOINT WARNING * * *
You are too injured to fight recklessly!
Unknown command.
You are too injured to fight recklessly!
Sigmund hits you from afar with a +0 scythe!
You die...

..... ######### .....#
#.......#
#...#.###.#####.#
..........# #.#
#.......### #.# #####
........#######.###...#
#......#......#.......#
#.......#####.#####...#
#......@# ##.##
#.....gg# #.#
##.#...@.# #.#
#.####..# #.# # #..#
#.# #..# #.# .... #.#
.... #.### ..... #....


You could see Sigmund and 2 hobgoblins.

Vanquished Creatures
  5 adders
  A white imp (D:2)
  2 worms (D:2)
  3 leopard geckos
  3 giant cockroaches
  8 goblins
  8 hobgoblins
  4 jackals (D:1)
  A bat (D:1)
  5 frilled lizards
  2 kobolds (D:2)
  6 rats
48 creatures vanquished.

Notes
Turn   | Place    | Note
-------+----------+-------------------------------------------
     0 | D:1      | Zeld the Hill Orc Monk began the quest for the Orb.
     0 | D:1      | Reached XP level 1. HP: 19/19 MP: 1/1
    89 | D:1      | Reached XP level 2. HP: 22/26 MP: 2/2
   165 | D:1      | Reached skill level 5 in Axes
   603 | D:1      | Reached XP level 3. HP: 31/31 MP: 3/3
   945 | D:2      | Found a burning altar of Makhleb.
  1235 | D:2      | Reached skill level 6 in Axes
  1576 | D:2      | Reached XP level 4. HP: 37/39 MP: 4/4
  1794 | D:2      | Reached skill level 7 in Axes
  1806 | D:2      | HP: 1/39 [poisoned by an adder]
  2536 | D:3      | Noticed Sigmund
  2547 | D:3      | Slain by Sigmund

Illustrated notes

Levels and vault maps discovered:
D:1:      eino_arrival_water_cross, layout_loops_ring, minmay_surrounded
D:2:      layout_basic, bloody_makhleb, kennysheep_pointless_box, minmay_3d_cube
D:3:      layout_loops_ring, uniq_sigmund

Skill      XL: |  1  2  3  4 |
---------------+-------------+-----
Axes           | 5 6 7 |  7.1
Fighting       | |  3.6
Dodging        | |  2.4
Stealth        | |  1.5

Action                   |  1- 3 |  4- 6 || total
-------------------------+-------+-------++-------
Melee: Hand axe          |   102 |    54 ||   156
 Stab: Sleeping          |     2 |     2 ||     4
       Distracted        |     1 |       ||     1
Armor: Robe              |    26 |    13 ||    39
Dodge: Dodged            |    55 |    38 ||    93
